 Dungeon Crawl Stone Soup version 0.28-a0-863-g8cecda6153 (webtiles) character file.

Game seed: 1711979650651292229

233504 meatgazer the Corrupter of Planes (level 18, -7/165 HPs)
             Began as a Demonspawn Abyssal Knight on Nov 15, 2021.
             Was the Champion of Lugonu.
             Killed from afar by Nikola (56 damage)
             ... with an arc of chain lightning
             ... on level 1 of the Shoals on Nov 16, 2021.
             The game lasted 01:12:08 (29006 turns).

meatgazer the Corrupter of Planes (DsAK)           Turns: 29006, Time: 01:12:08

Health: -7/165     AC: 25    Str: 31    XL:     18   Next: 85%
Magic:  31/31      EV: 10    Int: 16    God:    Lugonu [******]
Gold:   4110       SH: 11    Dex: 22    Spells: 30/33 levels left

rFire   . . .      SeeInvis .   j - +9 scimitar (distort)
rCold   . . .      Faith    .   O - +0 buckler "Aloeq" {rN+ Will+ Regen+}
rNeg    + . .      Spirit   .   q - +3 storm dragon scales {Bai Suzhen}
rPois   +          Reflect  +   c - +0 hat "Meathiane" {Regen+ Str+4 Slay+2}
rElec   +          Harm     +   k - scarf {harm}
rCorr   +          Rampage  +   V - +1 pair of gloves of Red Tender Moments {Rampage Dex+6}
Will    ++...                   (boots unavailable)
Stlth   ..........              i - amulet of reflection
HPRegen 2.37/turn               d - +6 ring of strength
MPRegen 0.22/turn               b - +6 ring of strength

@: mighty
A: hooves 3, yellow scales 3, powered by pain 2, spiny 2, bedeviling, camouflage
1, poison resistance, robust 1
}: 1/15 runes: gossamer
a: Renounce Religion, Depart the Abyss, Bend Space, Banish, Corrupt, Enter the
Abyss


You were on level 1 of the Shoals.
You worshipped Lugonu.
Lugonu was exalted by your worship.
You visited 5 branches of the dungeon, and saw 27 of its levels.
You visited the Abyss 2 times.
You also visited: Ossuary and Bailey.

You collected 4510 gold pieces.
You spent 400 gold pieces at shops.

Inventory:

Hand Weapons
 j - a +9 scimitar of distortion (weapon)
 C - a +2 scimitar of flaming
Armour
 c - the +0 hat "Meathiane" (worn) {Regen+ Str+4 Slay+2}
   (You acquired it on level 3 of the Abyss)

   Str:       It affects your strength (+4).
   Slay:      It affects your accuracy & damage with ranged weapons and melee
   (+2).
   Regen:     It increases your rate of health regeneration.
 e - a +4 plate armour
 k - a scarf of harm (worn)
 q - +3 storm dragon scales (worn) {Bai Suzhen}
 O - the +0 buckler "Aloeq" (worn) {rN+ Will+ Regen+}
   (You found it on level 13 of the Dungeon)

   rN:        It protects you from negative energy.
   Regen:     It increases your rate of health regeneration.
   Will:      It increases your willpower.
 V - the +1 pair of gloves of Red Tender Moments (worn) {Rampage Dex+6}
   (You found it on level 14 of the Dungeon)

   Dex:       It affects your dexterity (+6).
   Rampage:   It bestows one free step when moving towards enemies.
Jewellery
 a - a +6 ring of strength
 b - a +6 ring of strength (right hand)
 d - a +6 ring of strength (left hand)
 i - an amulet of reflection (around neck)
 l - a ring of wizardry
 I - the ring of Naaskun {Ice Int+2 Dex+3 Stlth-}
   (You found it on level 1 of the Shoals)

   [ring of ice]

   It enhances your ice magic.
   Int:       It affects your intelligence (+2).
   Dex:       It affects your dexterity (+3).
   rF:        It makes you vulnerable to fire.
   rC:        It protects you from cold.
   Stlth:     It makes you less stealthy.
Wands
 h - a wand of acid (8)
 v - a wand of flame (104)
 w - a wand of charming (9)
 y - a wand of paralysis (26)
 A - a wand of polymorph (17)
 G - a wand of digging (7)
 H - a wand of iceblast (5)
 U - a wand of mindburst (26)
Scrolls
 m - 5 scrolls of fear
 s - a scroll of summoning
 x - 5 scrolls of amnesia
 z - 8 scrolls of identify
 B - 4 scrolls of teleportation
 D - a scroll of brand weapon
 E - a scroll of immolation
 F - 5 scrolls of fog
 T - 4 scrolls of magic mapping
Potions
 f - 3 potions of brilliance
 g - 5 potions of mutation
 o - 3 potions of cancellation
 p - 4 potions of flight
 r - 11 potions of curing
 t - 2 potions of haste
 K - 4 potions of ambrosia
 N - 3 potions of heal wounds
 P - 2 potions of resistance
 R - 3 potions of invisibility
Miscellaneous
 n - a tin of tremorstones (2/2)
 J - a lightning rod (3/4)


   Skills:
 + Level 15.6 Fighting
 + Level 14.3 Long Blades
 - Level 13.0 Armour
 - Level 2.2 Dodging
 - Level 4.6 Shields
 + Level 8.2 Spellcasting
 + Level 6.0 Hexes
 - Level 19.0 Invocations
 + Level 12.4 Evocations


You had 30 spell levels left.
You knew the following spells:

 Your Spells              Type           Power      Damage    Failure   Level
a - Tukima's Dance        Hex            39%        N/A       9%          3

Your spell library contained the following spells:

 Spells                   Type           Power      Damage    Failure   Level
 Dazzling Flash           Conj/Hex       48%        N/A       30%         3
 Portal Projectile        Hex/Tloc       48%        N/A       30%         3
 Apportation              Tloc           12%        N/A       36%         1
 Corpse Rot               Necr/Air       12%        N/A       50%         2
 Poisonous Vapours        Pois/Air       12%        N/A       50%         2
 Sublimation of Blood     Necr           6%         N/A       50%         2
 Wereblood                Tmut           6%         N/A       50%         2
 Leda's Liquefaction      Hex/Erth       12%        N/A       71%         4
 Gell's Gravitas          Tloc           6%         N/A       73%         3
 Lesser Beckoning         Tloc           6%         N/A       73%         3
 Teleport Other           Tloc           6%         N/A       73%         3
 Yara's Violent Unravell  Hex/Tmut       12%        3d7       96%         5
 Iskenderun's Mystic Bla  Conj/Tloc      6%         2d4       98%         4
 Passage of Golubria      Tloc           6%         N/A       98%         4
 Alistair's Intoxication  Tmut/Pois      4%         N/A       100%        5
 Blade Hands              Tmut           3%         N/A       100%        5
 Excruciating Wounds      Necr           3%         N/A       100%        5
 Lee's Rapid Deconstruct  Erth           3%         3d6*      100%        5
 Starburst                Conj/Fire      3%         6d3       100%        6
 Statue Form              Tmut/Erth      4%         N/A       100%        6
 Summon Hydra             Summ           3%         N/A       100%        7


Dungeon Overview and Level Annotations

Branches:
Dungeon (14/15)            Temple (0/1) D:4            Lair (6/6) D:11
 Shoals (1/4) Lair:4       Spider (4/4) Lair:2        Slime (0/5) Lair:6
    Orc (2/2) D:11            Elf (0/3) Orc:2        Vaults (0/5) D:14
Ossuary (visited)          Bailey (visited)

Altars:
Hepliaklqana
Makhleb
Okawaru
Wu Jian
Xom
Beogh
Jiyva
Lugonu

Shops:
D:8 (   D:13 (   Orc:1 (   Orc:2 (*(

Portals:
Abyss: Lair:6

Annotations:
D:7 2 transporters
D:9 2 transporters
Lair:6 1 runed translucent door
Shoals:1 Nikola
Abyss:1 Maggie, Nergalle


Innate Abilities, Weirdness & Mutations

You have hooves in place of feet.
You are completely covered in yellow scales. (AC +4, rCorr)
You sometimes gain power by taking damage.
You are mostly covered in sharp spines.
Your hexes are more powerful.
Your skin changes colour to match your surroundings (Stealth+).
Your system is resistant to poisons. (rPois)
You are robust. (+10% HP)


Message History

Aiming: Tukima's Dance (mildly dangerous; 9% risk of failure)
Press: ? - help, Shift-Dir - straight line, f/p - Nikola
Aim: Nikola, wielding a +2 rapier of electrocution, wearing a +2 cloak of stealth and wearing a +0 pair of gloves (lightly wounded, chance to affect: 2%)
Okay, then.
You feel very mighty all of a sudden.
You barely miss Nikola. You kick Nikola!
Nikola is lightly wounded.
Nikola is struck by your spines.
Nikola hits you with a +2 rapier of electrocution!
You focus on the pain.
You feel mightier all of a sudden.
You slice Nikola!!
Space warps horribly around Nikola!
You kick Nikola!
Nikola is heavily wounded.
You block Nikola's attack.
You slash Nikola! You kick Nikola!
Nikola is severely wounded.
Nikola blinks!
Nikola gestures at you while chanting. The bolt of lightning hits you!
You resist.
You focus on the pain.
You feel mightier all of a sudden.
A manticore comes into view.
A merfolk avatar comes into view.
The merfolk avatar shouts!
Nikola casts a spell.
Nikola blinks!
A sea snake comes into view.
Nikola casts a spell.
Lightning arcs from Nikola's hands!
The bolt of lightning hits you!!!! You resist.
Ouch! That really hurt!
* * * LOW HITPOINT WARNING * * *
You focus on the pain.
You feel your power returning.
A bolt of lightning appears from out of thin air!
The bolt of lightning hits Nikola!
You hear a screech! x2
Your magical contamination has completely faded away.
Nikola casts a spell.
Lightning arcs from Nikola's hands!
The bolt of lightning hits you!!! You resist.
You die...

#.....≈≈≈≈≈≈≈≈ ≈≈≈≈≈≈≈≈≈
#?.≈...≈≈≈≈≈≈≈≈≈≈≈≈≈≈≈≈≈≈≈
#.≈≈≈m.≈≈.≈≈≈≈≈≈≈≈≈≈≈≈≈≈≈≈
#....≈≈≈≈....≈≈≈≈≈ ≈≈≈≈≈≈≈
#.........≈≈≈≈≈. ≈≈≈≈≈≈≈
#.....###...≈≈...≈≈≈≈≈≈≈
####...##....≈≈≈≈≈≈≈...≈
#.........≈≈≈≈≈≈....≈
####...@@≈≈.≈≈≈≈≈......#
#(.H........≈≈≈≈≈≈..≈.##
#..#...≈...≈≈≈≈≈≈≈(.....
##.##......≈≈..≈≈...≈≈..
.............≈≈≈≈..≈≈..
...)......###...≈..≈...#
###....≈≈..###...≈≈≈≈..##
##..≈≈..........≈≈..##
##.≈≈.........≈≈..##


You could see Nikola, a merfolk avatar and a manticore.

Vanquished Creatures
  Arachne (Spider:2)
  Frances (D:12)
  Kirke (Lair:5)
  An orc warlord (Bailey)
  2 ghost moths (Spider:4)
  8 emperor scorpions
  The ghost of pokeman the Sorcerer, an adept DEWz of Vehumet (Shoals:1)
  Azrael (D:12)
  3 entropy weavers
  2 spark wasps
  Snorg (Lair:5)
  A merfolk impaler (Shoals:1)
  2 vault guards (D:14)
  Fannar (Lair:1)
  Harold (Lair:2)
  A rakshasa (D:13)
  An ogre mage (D:14)
  3 boulder beetles
  11 hydras
  6 centaur warriors
  Erica (D:11)
  4 two-headed ogres
  2 tengu warriors
  A dancing weapon (Shoals:1)
  An orc high priest (Orc:2)
  3 thrashing horrors (Lair:6)
  Urug (D:11)
  A deep elf knight (D:13)
  Sonja (D:11)
  A goliath frog (Lair:5)
  A swamp dragon (Lair:5)
  A lindwurm (Lair:6)
  3 wizards
  2 deep elf pyromancers
  5 orc knights
  4 orc sorcerers (Orc:2)
  14 orb spiders
  22 wolf spiders
  17 ugly things
  2 oklob plants
  8 cyclopes
  6 elephants (Lair:3)
  A centaur zombie (D:11)
  6 manticores
  2 black mambas
  A guardian serpent (Lair:2)
  A merfolk siren (Lair:4)
  5 torpor snails
  A water nymph (Shoals:1)
  8 cane toads
  A gargoyle (D:14)
  A large abomination (Lair:6)
  11 komodo dragons
  A rime drake (Lair:6)
  An ancient zyme (Lair:6)
  4 tengu conjurers
  A kobold demonologist (D:13)
  13 demonic crawlers
  3 polar bears
  A tyrant leech (Lair:5)
  4 meliai
  42 jumping spiders
  8 trolls
  A merfolk (Shoals:1)
  2 hornets
  8 slime creatures
  22 blink frogs (Lair:6)
  14 small abominations (Lair:6)
  5 dream sheep
  A snapping turtle (Shoals:1)
  3 centaur simulacra
  Sigmund (D:5)
  89 redbacks
  2 ynoxinuls (Lair:6)
  4 shadows
  2 wraiths
  2 spriggans (Lair:6)
  37 yaks
  18 tarantellas
  6 hogs
  2 fire elementals (D:12)
  5 wyverns
  8 basilisks
  A human (shapeshifter) (D:13)
  4 chaos spawn (Lair:6)
  A human (D:8)
  11 vampire mosquitoes
  An acid dragon (shapeshifter) (D:14)
  2 wargs (Orc:1)
  5 swamp worms (Lair:5)
  10 water moccasins
  2 acid dragons
  2 hell hounds (D:12)
  30 orc warriors
  A swamp drake (Lair:5)
  3 black bears
  2 ice beasts
  2 necrophages
  8 ogres
  23 wolves
  8 centaurs
  An elf zombie (Ossuary)
  A phantom (D:11)
  3 kobold brigands
  3 gnoll sergeants
  15 bullfrogs
  A scorpion (D:5)
  A wyvern zombie (D:8)
  2 troll zombies (D:11)
  6 killer bees
  7 wights
  3 electric eels
  2 bullfrog zombies
  10 howler monkeys
  A bullfrog skeleton (D:4)
  A jelly (D:6)
  4 hounds
  17 orc priests
  7 hell rats
  An iguana (D:5)
  27 orc wizards
  6 ogre zombies (D:11)
  A hound skeleton (D:4)
  2 mummies (Ossuary)
  Robin (D:2)
  A howler monkey zombie (D:8)
  20 gnolls
  7 adders
  4 river rats (Lair:3)
  A shadow imp (D:7)
  2 ufetubi (D:6)
  An adder skeleton (D:4)
  A worm (D:3)
  A dart slug (D:1)
  45 orcs
  4 ball pythons
  4 bats
  11 endoplasms
  3 giant cockroaches
  40 goblins
  28 hobgoblins
  3 jackals (D:3)
  2 quokkas
  3 frilled lizards (D:2)
  2 gnoll zombies (Ossuary)
  3 goblin skeletons (D:11)
  5 goblin zombies
  10 hobgoblin zombies
  22 kobolds
  2 orc skeletons (D:11)
  16 orc zombies (D:11)
  8 rats
986 creatures vanquished.

Vanquished Creatures (others)
  Bai Suzhen (Spider:2)
  An emperor scorpion (Spider:4)
  A water nymph (Shoals:1)
  A human (Lair:6)
  3 bushes (Lair:6)
  29 fungi
  45 plants
  2 starspawn tentacles (Abyss:3)
83 creatures vanquished.

Grand Total: 1069 creatures vanquished

Notes
Turn   | Place    | Note
-------+----------+-------------------------------------------
     0 | Abyss:1  | meatgazer the Demonspawn Abyssal Knight began the quest for
                  | the Orb.
     0 | Abyss:1  | Reached XP level 1. HP: 18/18 MP: 2/2
   163 | Abyss:3  | Noticed a small abomination
   164 | Abyss:3  | Identified a scroll of acquirement
   164 | Abyss:3  | Acquired the +0 hat "Meathiane" {Regen+ Str+4 Slay+2}
   169 | Abyss:3  | Noticed a tentacled starspawn
   173 | D:1      | Escaped the Abyss
   700 | D:1      | Reached * piety under Lugonu
   701 | D:1      | Gained mutation: You have large cloven feet. [demonic
                  | ancestry]
   701 | D:1      | Reached XP level 2. HP: 24/24 MP: 4/4
   844 | D:1      | Reached skill level 3 in Invocations
   844 | D:1      | Found a faded altar of an unknown god.
   930 | D:1      | You fall into a shaft and drop 1 floor!
   938 | D:2      | Noticed Robin
   983 | D:2      | Killed Robin
   984 | D:2      | Gained mutation: You are partially covered in sharp spines.
                  | [demonic ancestry]
   984 | D:2      | Reached XP level 3. HP: 26/29 MP: 5/5
  1041 | D:2      | Acquired a manual of Armour
  1628 | D:2      | Reached ** piety under Lugonu
  1706 | D:2      | Gained mutation: You have hoof-like feet. [demonic
                  | ancestry]
  1706 | D:2      | Reached XP level 4. HP: 28/37 MP: 6/6
  2068 | D:3      | Reached skill level 4 in Invocations
  2609 | D:4      | Noticed a black bear
  2645 | D:4      | Killed a black bear
  2646 | D:4      | Gained mutation: You sometimes gain a little power by
                  | taking damage. [demonic ancestry]
  2646 | D:4      | Reached XP level 5. HP: 31/42 MP: 8/8
  3321 | D:4      | Noticed an ogre
  3326 | D:4      | Killed an ogre
  3327 | D:4      | Reached skill level 5 in Invocations
  3327 | D:4      | Gained mutation: You are partially covered in yellow
                  | scales. (AC +2) [demonic ancestry]
  3327 | D:4      | Reached XP level 6. HP: 15/49 MP: 9/9
  3619 | D:4      | Found a staircase to the Ecumenical Temple.
  3818 | D:4      | Acquired 743 gold pieces
  3853 | D:5      | Entered Level 5 of the Dungeon
  3913 | D:5      | Reached XP level 7. HP: 53/55 MP: 11/11
  3921 | D:5      | Noticed Sigmund
  3938 | D:5      | Killed Sigmund
  3939 | D:5      | Reached skill level 5 in Fighting
  3939 | D:5      | Reached skill level 5 in Armour
  3939 | D:5      | Reached skill level 6 in Invocations
  3990 | D:5      | Reached *** piety under Lugonu
  4228 | D:5      | Gained mutation: You are mostly covered in sharp spines.
                  | [demonic ancestry]
  4228 | D:5      | Reached XP level 8. HP: 63/63 MP: 11/13
  4561 | D:6      | Reached skill level 7 in Invocations
  4613 | D:6      | Noticed Maggie
  4617 | D:6      | Banished Maggie
  4618 | D:6      | Reached skill level 5 in Long Blades
  4846 | D:6      | Reached skill level 8 in Invocations
  5161 | D:6      | Gained mutation: You are mostly covered in yellow scales.
                  | (AC +3) [demonic ancestry]
  5161 | D:6      | Reached XP level 9. HP: 71/71 MP: 15/15
  5166 | D:6      | Found a burning altar of Makhleb.
  5664 | D:7      | Found a transporter.
  5668 | D:7      | Noticed a kobold demonologist
  5676 | D:7      | Noticed a kobold demonologist
  5683 | D:7      | Found a transporter.
  5887 | D:7      | Found a sand-covered staircase.
  5895 | Ossuary  | Entered an ossuary
  5900 | Ossuary  | Gained mutation: Your system is resistant to poisons.
                  | (rPois) [potion of mutation]
  5900 | Ossuary  | Gained mutation: You are robust. (+10% HP) [potion of
                  | mutation]
  5900 | Ossuary  | Gained mutation: Your skin changes colour to match your
                  | surroundings (Stealth+). [potion of mutation]
  5923 | Ossuary  | Reached **** piety under Lugonu
  6029 | D:7      | Reached skill level 9 in Invocations
  6473 | D:8      | Found Elaewn's Weapon Boutique.
  6658 | D:8      | Noticed a two-headed ogre
  6662 | D:8      | Killed a two-headed ogre
  6663 | D:8      | Reached skill level 10 in Invocations
  6663 | D:8      | Reached XP level 10. HP: 55/88 MP: 17/17
  7214 | D:9      | Noticed a two-headed ogre
  7237 | D:9      | Killed a two-headed ogre
  7238 | D:9      | Reached skill level 10 in Armour
  7291 | D:9      | Noticed a centaur warrior
  7292 | D:9      | Reached skill level 11 in Invocations
  7303 | D:9      | Killed a centaur warrior
  7328 | D:9      | Found a transporter.
  7332 | D:9      | Found a transporter.
  7410 | D:9      | You fall into a shaft and drop 2 floors!
  7419 | D:11     | Noticed Nergalle
  7421 | D:11     | Noticed a six-headed hydra
  7423 | D:11     | Banished Nergalle
  7424 | D:11     | Gained mutation: You have hooves in place of feet. [demonic
                  | ancestry]
  7424 | D:11     | Reached XP level 11. HP: 97/97 MP: 14/19
  7508 | D:10     | Entered Level 10 of the Dungeon
  7760 | D:9      | Noticed a four-headed hydra
  7762 | D:9      | Banished a four-headed hydra
  7833 | D:9      | Noticed a centaur warrior
  7837 | D:9      | Killed a centaur warrior
  7860 | D:9      | Noticed an eight-headed hydra
  7865 | D:9      | Banished a nine-headed hydra
  7866 | D:9      | Reached skill level 12 in Invocations
  7875 | D:9      | Noticed a white ugly thing
  7878 | D:9      | Killed a white ugly thing
  7905 | D:9      | Noticed a wizard
  7909 | D:9      | Killed a wizard
  7915 | D:9      | Noticed a five-headed hydra
  7917 | D:9      | Banished a five-headed hydra
  8375 | D:9      | Reached skill level 1 in Shields
  8628 | D:10     | Reached skill level 10 in Fighting
  9075 | D:11     | Noticed Sonja
  9201 | D:11     | Found a staircase to the Lair.
  9209 | D:11     | Killed Sonja
  9252 | D:11     | Noticed a five-headed hydra
  9256 | D:11     | Banished a five-headed hydra
  9272 | D:11     | Reached XP level 12. HP: 106/106 MP: 14/21
  9332 | D:11     | Noticed Erica
  9559 | D:11     | Noticed Urug
  9565 | D:11     | Killed Erica
  9571 | D:11     | Killed Urug
  9572 | D:11     | Reached skill level 13 in Invocations
  9747 | D:11     | Found a staircase to the Orcish Mines.
 10361 | D:11     | Killed a four-headed hydra
 10485 | Lair:1   | Entered Level 1 of the Lair of Beasts
 10491 | Lair:1   | Reached skill level 1 in Evocations
 10770 | Lair:1   | Noticed Fannar
 10794 | Lair:1   | Killed Fannar
 10822 | Lair:1   | Reached ***** piety under Lugonu
 11044 | Lair:1   | Identified the +3 trident of Revolt {vorpal, Int+4}
 11310 | Lair:1   | Found a hazy altar of Hepliaklqana.
 11446 | Lair:2   | Noticed Harold
 11456 | Lair:2   | Killed Harold
 11457 | Lair:2   | Reached skill level 10 in Long Blades
 11541 | Lair:2   | Noticed a seven-headed hydra
 11548 | Lair:2   | Killed a seven-headed hydra
 11691 | Lair:2   | Reached skill level 14 in Invocations
 11744 | Lair:2   | Found a hole to the Spider Nest.
 11752 | Lair:2   | Reached XP level 13. HP: 108/116 MP: 23/23
 13156 | Lair:3   | Reached skill level 5 in Evocations
 14095 | Lair:4   | Found a staircase to the Shoals.
 14307 | Lair:5   | Reached skill level 15 in Invocations
 14685 | Lair:5   | Noticed Snorg
 14693 | Lair:5   | Killed Snorg
 15487 | Lair:6   | Entered Level 6 of the Lair of Beasts
 15487 | Lair:6   | Noticed Kirke
 15536 | Lair:5   | Killed Kirke
 15698 | Lair:6   | Reached XP level 14. HP: 119/127 MP: 25/25
 15708 | Lair:6   | Reached ****** piety under Lugonu
 16216 | Lair:6   | Reached skill level 16 in Invocations
 16646 | Lair:6   | Found a runed translucent door.
 17010 | Lair:6   | Found a corrupted altar of Lugonu.
 17010 | Lair:6   | Found a one-way gate to the infinite horrors of the Abyss.
 17200 | Lair:6   | Noticed an acid blob
 17201 | Lair:6   | Found a viscous altar of Jiyva.
 17201 | Lair:6   | Found a staircase to the Slime Pits.
 17201 | Lair:6   | Noticed an acid blob
 17201 | Lair:6   | Noticed an acid blob
 17306 | Lair:6   | Voluntarily entered the Abyss.
 17340 | Abyss:1  | Found a corrupted altar of Lugonu.
 17343 | Lair:6   | Escaped the Abyss
 17512 | Orc:1    | Entered Level 1 of the Orcish Mines
 17512 | Orc:1    | Found Suat's Weapon Emporium.
 17732 | Orc:2    | Entered Level 2 of the Orcish Mines
 18158 | Orc:2    | Found Ykheh's Magic Scroll Shop.
 18158 | Orc:2    | Found Ykankur's Antique Weapon Shop.
 18159 | Orc:2    | Found Ethe's Assorted Antiques.
 18170 | Orc:2    | Found Buceyvve's Weapon Boutique.
 18197 | Orc:2    | Bought a scroll of enchant armour for 240 gold pieces
 18197 | Orc:2    | Bought a potion of heal wounds for 160 gold pieces
 18240 | Orc:2    | Found a staircase to the Elven Halls.
 19030 | D:12     | Noticed Frances
 19038 | D:12     | Killed Frances
 19571 | D:12     | Noticed Azrael
 19581 | D:12     | Killed Azrael
 19635 | D:12     | Found a transporter.
 19637 | D:12     | Found a transporter.
 19925 | D:12     | Reached skill level 17 in Invocations
 20012 | D:12     | Found a transporter.
 20018 | D:12     | Found a transporter.
 20180 | D:12     | Found a transporter.
 20181 | D:12     | Found a transporter.
 20616 | D:13     | Gained mutation: You sometimes gain power by taking damage.
                  | [demonic ancestry]
 20616 | D:13     | Reached XP level 15. HP: 86/136 MP: 27/27
 20631 | D:13     | Identified the +0 buckler "Aloeq" {rN+ Will+ Regen+}
 21581 | D:13     | Found Xeb Medd's Weapon Emporium.
 22133 | D:14     | Found an iron altar of Okawaru.
 22165 | D:14     | Found a flagged portal.
 22174 | Bailey   | Entered a bailey
 22233 | Bailey   | Identified a +9 scimitar of distortion (a +9 scimitar of
                  | electrocution corrupted by Lugonu)
 22233 | Bailey   | Received a gift from Lugonu
 22355 | Bailey   | Upgraded the game from 0.28-a0-861-ge64d6db94f to
                  | 0.28-a0-863-g8cecda6153
 22442 | Bailey   | Noticed an orc warlord
 22451 | Bailey   | Killed an orc warlord
 22452 | Bailey   | Reached skill level 10 in Evocations
 22504 | Bailey   | Reached skill level 18 in Invocations
 22504 | Bailey   | Gained mutation: Your hexes are more powerful. [demonic
                  | ancestry]
 22504 | Bailey   | Reached XP level 16. HP: 146/146 MP: 27/29
 22505 | Bailey   | Reached skill level 5 in Spellcasting
 22505 | Bailey   | Gained mutation: You are completely covered in yellow
                  | scales. (AC +4, rCorr) [demonic ancestry]
 22505 | Bailey   | Reached XP level 17. HP: 152/152 MP: 27/30
 22693 | D:14     | Found an ornate altar of the Wu Jian Council.
 23174 | D:14     | Found a gate to the Vaults.
 23255 | D:14     | Identified the +1 pair of gloves of Red Tender Moments
                  | {Rampage Dex+6}
 23490 | Spider:1 | Entered Level 1 of the Spider Nest
 23528 | Spider:1 | Learned a level 3 spell: Tukima's Dance
 23597 | Spider:1 | Reached skill level 1 in Hexes
 24578 | Spider:2 | Reached XP level 18. HP: 161/161 MP: 31/31
 24830 | Spider:3 | Noticed Arachne
 25044 | Spider:3 | Noticed Bai Suzhen
 25180 | Spider:2 | Killed Bai Suzhen
 25416 | Spider:2 | Killed Arachne
 25621 | Spider:3 | Reached skill level 19 in Invocations
 26004 | Spider:3 | Reached skill level 15 in Fighting
 26250 | Spider:4 | Entered Level 4 of the Spider Nest
 26675 | Spider:4 | Paralysed by a hornet for 3 turns
 27275 | Spider:4 | Reached skill level 5 in Hexes
 28423 | Spider:4 | Got a gossamer rune of Zot
 28698 | Shoals:1 | Entered Level 1 of the Shoals
 28742 | Shoals:1 | Found a runed translucent door.
 28743 | Shoals:1 | Found a shimmering altar of Xom.
 28743 | Shoals:1 | Noticed pokeman's ghost (adept DEWz)
 28907 | Shoals:1 | Killed pokeman's ghost
 28909 | Shoals:1 | Identified the ring of Naaskun {Ice Int+2 Dex+3 Stlth-}
 28993 | Shoals:1 | Noticed Nikola
 29006 | Shoals:1 | Killed from afar by Nikola

Illustrated notes

Levels and vault maps discovered:
D:1:      tarquinn_simple_flora_water_b, layout_basic, serial_curves,
          eino_curves_03, eino_curves_02, dreamdust_ecumenical_altar_grove
D:2:      layout_basic, uniq_robin
D:3:      layout_basic, ebering_dispersal_statue_hall, grunt_ministairs_4,
          chequers_avenue, amcnicky_mini_pool_small, st_stairs_12
D:4:      layout_cave_pods, minmay_temple_entry_glassed_door, minmay_quantized
D:5:      layout_rooms, corexii_item_surrounded_by_moat, kennysheep_crisscross,
          uniq_sigmund
D:6:      layout_gridville, mainiacjoe_overflow_alcove_4, st_stairs_5,
          uniq_maggie
D:7:      gammafunk_wand_slinger, layout_cave_pools, enter_ossuary_1
D:8:      layout_loops_corners, serial_shops, shop, grunt_livestock,
          amcnicky_mini_rare_corridor_liquid
D:9:      gammafunk_steamed_eel, layout_long_grid, minmay_the_grid_2x2
          [minmay_the_grid_spikes, minmay_the_grid_eight,
          minmay_the_grid_aliased_spiral, minmay_the_grid_prize_inner_circle]
D:10:     layout_cave_pools
D:11:     layout_long_grid, dpeg_oklobed_lair, zombieorc2_lemuel, uniq_erica,
          uniq_nergalle, uniq_urug, uniq_sonja
D:12:     layout_basic, serial_nicolae_subway, nicolae_sub_station_metal,
          nicolae_sub_station_stone, nicolae_sub_station_crystal, uniq_azrael,
          uniq_frances
D:13:     hangedman_cross_cluster, layout_long_grid, serial_shops,
          nicolae_shop_bloodbath_and_beyond, columned_hall_lemuel
D:14:     layout_small_grid, grunt_vaults_entry_fortified, okawaru_gym_becter,
          enter_bailey_5, hangedman_decor_opposing, nicolae_wu_jian_wuxing_cycle
Lair:1:   layout_long_grid, grunt_forest_stairs_basic, lemuel_centaur_altar,
          grunt_megastairs_2, serial_bayou_shore_b, uniq_fannar
Lair:2:   layout_misc_corridors, nicolae_spider_entry_tight_spaces, uniq_harold
Lair:3:   layout_cave_pods, kennysheep_abandoned_house
Lair:4:   layout_misc_corridors, minmay_shoals_entry_lonely_mermaid,
          grunt_megastairs_3, serial_bayou_shore_a
Lair:5:   onia_ninara_swampy_vault, layout_regular_city, uniq_snorg
Lair:6:   hellmonk_lair_end_abyssal_woods, layout_loops_ring, slime_altar_2,
          lemuel_fruit_tree, grunt_megastairs_4, uniq_kirke
Shoals:1: layout_shoals, ebering_ghost_xom, uniq_nikola
Spider:1: layout_spider_delve, nicolae_spider_circle_web
Spider:2: layout_spider_delve
Spider:3: layout_spider_delve, uniq_arachne, uniq_bai_suzhen
Spider:4: grunt_spider_rune_circles, einodemon_crawler_minivault
Orc:1:    layout_caves, serial_shops, nicolae_shop_trees
Orc:2:    st_orc_mages, layout_caves, basic_altar

Skill      XL: |  1  2  3  4  5  6  7  8  9 10 11 12 13 14 15 16 17 18 |
---------------+-------------------------------------------------------+-----
Long Blades    | 2 3 4 5 7 8 9 10 11 12 13 14 | 14.3
Invocations    | 3 4 5 6 8 10 11 12 14 15 17 18 19 | 19.0
Armour         | 2 3 4 5 7 9 11 12 13 | 13.0
Fighting       | 4 5 6 8 9 10 11 12 13 14 15 | 15.6
Shields        | 3 4 |  4.6
Evocations     | 3 6 8 10 11 12 | 12.4
Dodging        | 2 |  2.2
Spellcasting   | 2 5 6 8 |  8.2
Hexes          | 2 6 |  6.0

Action                   |  1- 3 |  4- 6 |  7- 9 | 10-12 | 13-15 | 16-18 || total
-------------------------+-------+-------+-------+-------+-------+-------++-------
Melee: Falchion          |    82 |    89 |   138 |       |       |       ||   309
       Kick              |    13 |    25 |    76 |   162 |   259 |   220 ||   755
       Scimitar          |       |       |    28 |   341 |   701 |   491 ||  1561
 Cast: Tukima's Dance    |       |       |       |       |       |     2 ||     2
Invok: Depart the Abyss  |     1 |       |       |       |       |       ||     1
       Banish            |       |       |     1 |    11 |     1 |       ||    13
       Bend Space        |       |       |       |       |     4 |       ||     4
       Brand Weapon With |       |       |       |       |     1 |       ||     1
Evoke: Wand              |       |       |       |     3 |    41 |     5 ||    49
       Lightning rod     |       |       |       |       |    11 |     7 ||    18
       Tin of tremorston |       |       |       |       |     5 |     1 ||     6
  Use: Scroll            |     5 |     5 |     7 |    11 |    17 |     9 ||    54
       Potion            |     2 |       |     2 |     9 |     5 |     4 ||    22
 Stab: Sleeping          |     1 |     1 |       |       |       |       ||     2
       Distracted        |       |       |       |     1 |       |       ||     1
       Fleeing           |       |       |       |       |       |     1 ||     1
       Held in net/web   |       |       |       |       |       |     1 ||     1
Armor: Leather armour    |    31 |    11 |       |       |       |       ||    42
       Plate armour      |       |    16 |    89 |   188 |   357 |   118 ||   768
       Skin              |       |       |       |    10 |       |       ||    10
       Storm dragon scal |       |       |       |       |       |   327 ||   327
Dodge: Dodged            |    49 |    30 |    42 |   122 |   239 |   224 ||   706
Block: Other             |       |     8 |    40 |    70 |       |       ||   118
       Reflection        |       |       |     5 |    12 |    21 |    10 ||    48
       Buckler           |       |       |       |    62 |   349 |   327 ||   738

Table legend: (Time is in decaauts)
 A = Elapsed time spent in this place.
 B = Non-inter-level travel time spent in this place.
 C = Inter-level travel time spent in this place.
 D = Time resting spent in this place.
 E = Time spent auto-exploring this place.
 F = Levels seen in this place.
 G = Mean time per level.
                   A        B        C        D        E       F      G
               +--------+--------+--------+--------+--------+-----+--------+
         Total |  28870 |  27642 |   1228 |   8185 |  14013 |  33 |  874.8 |
       Dungeon |  14180 |  13692 |    488 |   3331 |   7770 |  14 | 1012.9 |
          Lair |   7157 |   6606 |    551 |   1675 |   3798 |   6 | 1192.8 |
        Shoals |    305 |    305 |      0 |    164 |     64 |   1 |  305.0 |
   Spider Nest |   4955 |   4822 |    133 |   2512 |   1309 |   4 | 1238.8 |
  Orcish Mines |   1463 |   1409 |     54 |    345 |    783 |   2 |  731.5 |
         Abyss |    210 |    210 |      0 |      0 |    172 |   4 |   52.5 |
       Ossuary |    118 |    118 |      0 |      0 |     59 |   1 |  118.0 |
        Bailey |    479 |    479 |      0 |    157 |     56 |   1 |  479.0 |
               +--------+--------+--------+--------+--------+-----+--------+

Top non-repeatable levels by time:
Spider:3: 1759 daAuts
  Lair:6: 1681 daAuts
    D:12: 1490 daAuts
  Lair:5: 1404 daAuts
     D:4: 1346 daAuts
    D:13: 1336 daAuts
  Lair:3: 1322 daAuts
Spider:2: 1294 daAuts
     D:9: 1242 daAuts
    D:11: 1211 daAuts
     D:1: 1170 daAuts
  Lair:1: 1064 daAuts
     D:6: 1049 daAuts
    D:10: 1034 daAuts
  Lair:2: 1022 daAuts
